 Dungeon Crawl Stone Soup version 0.17.1-2-g5865329 (webtiles) character file.

68734 Miyamura the Fighter (level 14, -1/109 HPs)
             Began as a Black Draconian Ice Elementalist on Feb 6, 2016.
             Was the Champion of Dithmenos.
             Slain by a red devil
             ... wielding a +2 vampiric demon trident
             ... summoned by an orc sorcerer
              (9 damage)
             ... on level 4 of the Orcish Mines on Feb 8, 2016.
             The game lasted 01:56:50 (32627 turns).

Miyamura the Fighter (DrIE)                        Turns: 32627, Time: 01:56:50

Health: -1/109     AC: 21    Str:  4    XL:     14   Next: 87%
Magic:  26/26      EV: 17    Int: 24    God:    Dithmenos [******]
Gold:   2193       SH:  0    Dex: 13    Spells: 9 memorised, 1 level left

rFire  . . .     SeeInvis .     x - +5 falchion of Ash {elec, rPois rC+ Str-2 Int+2}
rCold  + + +     Rnd*Rage +     (armour unavailable)
rNeg   . . .     SustAt   .     (no shield)
rPois  +         Gourm    .     G - +2 hat
rElec  +         Spirit   .     B - +0 cloak
rCorr  .         Warding  .     s - +2 pair of gloves
rMut   .         Rnd*Tele +     k - +2 pair of boots
MR     +....                    (no amulet)
Stlth  +++++++...               r - ring "Ocouheim" {+Inv Str-3 Int+3 Slay+3}
                                l - +4 ring of protection

@: short of breath, flying, wreathed by umbra, somewhat resistant to hostile
enchantments, extremely stealthy
A: breathe lightning, unfitting armour, big wings, berserk 1, blurry vision 1,
cold resistance 2, frail 1, electricity resistance, teleportitis 1, weak 1,
cold-blooded, AC +8
a: Breathe Lightning, Stop Flying, Shadow Step, Shadow Form, Renounce Religion,
Evoke Invisibility


You were on level 4 of the Orcish Mines.
You worshipped Dithmenos.
Dithmenos was exalted by your worship.
You were not hungry.

You visited 4 branches of the dungeon, and saw 24 of its levels.
You also visited: Volcano.

You collected 2513 gold pieces.
You spent 320 gold pieces at shops.

Inventory:

Hand Weapons
 x - the +5 falchion of Ash (weapon) {elec, rPois rC+ Str-2 Int+2}
   (You found it on level 7 of the Dungeon)

   Occasionally, upon striking a foe, it will discharge some electrical energy
   and cause terrible harm.
   It affects your strength (-2).
   It affects your intelligence (+2).
   It protects you from cold.
   It protects you from poison.
 K - a +6 dagger of freezing
 L - a +0 blowgun
Missiles
 d - 7 needles of paralysis
 e - 11 curare-tipped needles
 D - 2 throwing nets (quivered)
Armour
 k - a +2 pair of boots (worn)
 s - a +2 pair of gloves (worn)
 B - a +0 cloak (worn)
 G - a +2 hat (worn)
 X - the +2 shield of Resistance {rF+ rC+ MR+}
   (You found it on level 7 of the Lair of Beasts)

   It protects you from fire.
   It protects you from cold.
   It affects your resistance to hostile enchantments.
Jewellery
 c - an uncursed ring of fire
 h - an uncursed ring of sustain attributes
 l - a +4 ring of protection (left hand)
 r - the ring "Ocouheim" (right hand) {+Inv Str-3 Int+3 Slay+3}
   (You found it on level 9 of the Dungeon)

   [ring of slaying]

   It affects your strength (-3).
   It affects your intelligence (+3).
   It affects your accuracy and damage with ranged weapons and melee attacks
   (+3).
   It lets you turn invisible.
 H - an uncursed ring of poison resistance
 T - an uncursed ring of protection from magic
Wands
 i - a wand of paralysis (12)
 v - a wand of lightning (3)
 A - a wand of paralysis (11)
 Y - a wand of disintegration (7)
Scrolls
 a - a scroll of enchant armour
 g - 7 scrolls of amnesia
 j - 2 scrolls of fog
 m - 15 scrolls of remove curse
 F - 4 scrolls of teleportation
 N - 6 scrolls of identify
 O - a scroll of fear
 P - a scroll of recharging
 V - 2 scrolls of vulnerability
Potions
 f - 4 potions of might
 p - a potion of berserk rage
 q - 5 potions of brilliance
 u - 2 potions of flight
 M - a potion of cancellation
 Q - a potion of lignification
 U - 3 potions of magic
 W - a potion of agility
 Z - a potion of resistance
Books
 y - a book of Minor Magic

   Spells                             Type                      Level
   a - Magic Dart                     Conjuration                  1
   b - Blink                          Translocation                2
   c - Call Imp                       Summoning                    2
   d - Repel Missiles                 Charms/Air                   2
   e - Slow                           Hexes                        2
   f - Conjure Flame                  Conjuration/Fire             3
   g - Mephitic Cloud                 Conjuration/Poison/Air       3
Miscellaneous
 n - a sack of spiders
Comestibles
 b - 15 bread rations
 o - 7 meat rations
 t - 4 chunks of flesh
 w - 19 fruits


   Skills:
 + Level 10.6 Fighting
 + Level 8.4 Long Blades
 + Level 9.1 Dodging
 + Level 10.1 Stealth
 + Level 8.8 Spellcasting
 - Level 1.0 Conjurations
 + Level 6.1 Hexes
 + Level 7.1 Summonings
 + Level 10.5 Ice Magic
 + Level 7.3 Invocations
 + Level 7.2 Evocations


You had one spell level left.
You knew the following spells:

 Your Spells              Type           Power        Failure   Level  Hunger
a - Ozocubu's Armour      Chrm/Ice       #####...     2%          3    None
b - Summon Ice Beast      Ice/Summ       ######..     1%          4    ##.....
c - Condensation Shield   Ice            ######....   1%          4    ##.....
d - Tukima's Dance        Hex            #####...     1%          3    None
e - Ensorcelled Hibernat  Hex/Ice        ######       1%          2    None
f - Freeze                Ice            ####         1%          1    None
m - Metabolic Englaciati  Hex/Ice        ######....   6%          5    ####...
o - Shadow Creatures      Summ           N/A          12%         5    ####...
t - Throw Frost           Conj/Ice       #####.       1%          2    None


Dungeon Overview and Level Annotations

Branches:
Dungeon (11/15)            Temple (1/1) D:6            Lair (8/8) D:11
  Swamp (0/4) Lair:3        Snake (0/4) Lair:3        Slime (0/6) Lair:7
    Orc (4/4) D:11            Elf (0/3) Orc:4

Altars:
Ashenzari
Cheibriados
Dithmenos
Elyvilon
Fedhas
Gozag
Kikubaaqudgha
Makhleb
Nemelex Xobeh
Okawaru
Qazlal
Ru
Sif Muna
Trog
Vehumet
Xom
Yredelemnul
Zin
The Shining One
Lugonu

Shops:
Orc:2 :


Innate Abilities, Weirdness & Mutations

You can breathe wild blasts of lightning.
Your glossy black scales are hard (AC +8).
Your body does not fit into most forms of armour.
Your large and strong wings let you fly indefinitely.
You are resistant to electric shocks.
You are cold-blooded and may be slowed by cold attacks.
You tend to lose your temper in combat.
Scrolls take you a little longer to read.
Your flesh is very cold resistant.
You are frail (-10% HP).
You are occasionally teleported next to monsters.
You are weak. (Str -2)


Message History

Confirm with . or Enter, or press ? or * to list all spells.
Okay, then.
Casting: Tukima's Dance
Confirm with . or Enter, or press ? or * to list all spells.
Okay, then.
Drink which item? (? for menu, Esc to quit)
Okay, then.
Read which item? (? for menu, Esc to quit)
Okay, then.
Drink which item? (? for menu, Esc to quit)
Okay, then.
Read which item? (? for menu, Esc to quit)
Okay, then.
Drink which item? (? for menu, Esc to quit)
Okay, then.
Casting: Tukima's Dance
Confirm with . or Enter, or press ? or * to list all spells.
Okay, then.
The red devil hits you from afar with a vampiric demon trident!
You die...

..#...##..)......#
..#...###).>...### .#
)[)....####.....# ...
.))...## #.).[..## ..#
[[.)$## #.).....# #.##
....o.# #.......##...#.
............#.).##.#....
..#.#.......###.........
.#####.....## ##@3o.....
.# ....... #§To).##.. .#
....... #.§§)o4## ..
..........o..### ...
..#.........# .......##
....... ....... .......


You could see a troll, a neqoxec, an orc sorcerer, a red devil and 2 orc
warriors.

Vanquished Creatures
  Gastronok (D:8)
  Snorg (Lair:6)
  Fannar (Orc:2)
  A hydra (Lair:5)
  A deep troll shaman (Lair:8)
  10 death yaks
  Nergalle (Lair:2)
  A hell knight (Volcano)
  A hill giant (D:10)
  A lindwurm (Lair:8)
  6 oklob plants (Lair:1)
  2 orc sorcerers (Orc:4)
  2 manticores (Volcano)
  12 elephants
  Joseph (D:7)
  7 black mambas
  An eye of devastation (Lair:7)
  4 torpor snails
  13 spiny frogs
  3 fire drakes
  A queen bee (Lair:5)
  7 komodo dragons
  4 trolls
  2 two-headed ogres
  13 blink frogs
  29 yaks
  2 deep elf magi
  2 fire bats (Volcano)
  A hungry ghost (D:10)
  A basilisk (Lair:4)
  Grum (Lair:1)
  A human (D:10)
  10 hippogriffs
  6 swamp worms (Lair:3)
  23 wolves
  4 nagas (Lair:3)
  A hell hound (Volcano)
  A warg (Orc:4)
  12 porcupines
  2 eyes of draining
  5 ice beasts
  2 sky beasts
  4 black bears
  24 water moccasins
  5 phantoms
  18 orc warriors
  4 ogres
  2 centaurs
  15 crocodiles
  3 big kobolds (D:11)
  The ghost of Stagor the Firebug, an amateur TeFE (D:3)
  4 gnoll sergeants
  19 giant frogs
  A water moccasin zombie (D:7)
  2 scorpions
  26 killer bees
  4 electric eels
  20 orc priests
  6 crimson imps
  2 giant frog zombies
  4 hounds
  3 centaur zombies
  4 giant frog skeletons
  4 jellies
  24 orc wizards
  2 centaur skeletons
  6 lava snakes (Volcano)
  2 hell rats (Lair:8)
  10 iguanas
  10 worker ants
  A killer bee zombie (D:5)
  7 sheep
  A mummy (D:5)
  A worker ant zombie (D:9)
  7 gnolls
  12 adders
  80 river rats
  A shadow imp (D:9)
  3 oozes
  2 adder skeletons
  An adder zombie (D:3)
  A worm (D:3)
  8 giant geckos
  120 orcs
  9 giant cockroaches
  8 goblins
  12 hobgoblins
  9 jackals
  16 kobolds
  3 quokkas
  A ball python (D:3)
  8 bats
  A giant gecko skeleton (D:5)
  5 giant newts
  A jackal zombie (D:7)
  2 quokka skeletons
  9 rats
  3 fungi (Lair:8)
  12 plants
773 creatures vanquished.

Vanquished Creatures (collateral kills)
  3 hydras
  2 catoblepae
  5 death yaks
  4 oklob plants (Lair:1)
  An orc knight (Orc:4)
  An elephant (Lair:8)
  A spiny frog (Lair:5)
  A fire drake (Lair:3)
  10 blink frogs
  8 yaks
  A hippogriff (Lair:3)
  A wolf (Lair:8)
  2 crocodiles
  A giant frog (Lair:4)
  3 orc priests (Orc:2)
  3 orc wizards
  5 hell rats (Lair:8)
  A sheep (Lair:6)
  5 river rats (Lair:4)
  21 orcs
  A bush (Lair:3)
80 creatures vanquished.

Vanquished Creatures (others)
  An orc wizard (D:8)
  18 fungi
  25 plants
44 creatures vanquished.

Grand Total: 897 creatures vanquished

Notes
Turn   | Place    | Note
--------------------------------------------------------------
     0 | D:1      | Miyamura the Draconian Ice Elementalist began the quest for the Orb.
     0 | D:1      | Reached XP level 1. HP: 14/14 MP: 3/3
   256 | D:1      | Reached XP level 2. HP: 5/20 MP: 0/5
   561 | D:1      | Learned a level 2 spell: Throw Frost
  1186 | D:1      | Reached XP level 3. HP: 19/27 MP: 0/6
  1747 | D:2      | Reached skill level 1 in Fighting
  1763 | D:2      | Learned a level 3 spell: Ozocubu's Armour
  2193 | D:2      | Reached XP level 4. HP: 35/35 MP: 7/7
  2426 | D:3      | Found a stormy altar of Qazlal.
  2426 | D:3      | Noticed Stagor's ghost (amateur TeFE)
  3229 | D:2      | Gained mutation: Your flesh is cold resistant. [potion of mutation]
  3229 | D:2      | Gained mutation: You tend to lose your temper in combat. [potion of mutation]
  3229 | D:2      | Gained mutation: You have a pair of small horns on your head. [potion of mutation]
  3230 | D:2      | Gained mutation: Scrolls take you a little longer to read. [potion of mutation]
  3230 | D:2      | Gained mutation: Your flesh is very cold resistant. [potion of mutation]
  3230 | D:2      | Gained mutation: You have a pair of horns on your head. [potion of mutation]
  3231 | D:2      | Gained mutation: You are frail (-10% HP). [potion of mutation]
  3241 | D:3      | Killed Stagor's ghost
  3241 | D:3      | Reached XP level 5. HP: 32/36 MP: 3/9
  3383 | D:3      | Reached skill level 4 in Ice Magic
  4097 | D:3      | Learned a level 4 spell: Condensation Shield
  4298 | D:4      | Noticed an ogre
  4305 | D:4      | Killed an ogre
  4305 | D:4      | Reached XP level 6. HP: 45/45 MP: 1/10
  4460 | D:4      | Found a deep blue altar of Sif Muna.
  5070 | D:5      | Entered Level 5 of the Dungeon
  5143 | D:5      | Your scales start taking on a glossy black colour.
  5143 | D:5      | Gained mutation: You are resistant to electric shocks. [Black Draconian growth]
  5143 | D:5      | Reached XP level 7. HP: 41/51 MP: 3/12
  5216 | D:5      | Found a basalt altar of Yredelemnul.
  5495 | D:5      | Found a shimmering altar of Xom.
  5861 | D:5      | Found a snail-covered altar of Cheibriados.
  6166 | D:5      | Reached skill level 5 in Ice Magic
  6199 | D:5      | Reached XP level 8. HP: 46/60 MP: 4/14
  6674 | D:6      | Found a staircase to the Ecumenical Temple.
  6777 | Temple   | Entered the Ecumenical Temple
  7134 | D:6      | Reached skill level 5 in Stealth
  7217 | D:6      | Found a shimmering altar of Xom.
  7219 | D:6      | Found a shimmering altar of Xom.
  7220 | D:6      | Found a shimmering altar of Xom.
  7221 | D:6      | Found a shimmering altar of Xom.
  7221 | D:6      | Found a shimmering altar of Xom.
  7221 | D:6      | Found a shimmering altar of Xom.
  7221 | D:6      | Found a shimmering altar of Xom.
  7221 | D:6      | Found a shimmering altar of Xom.
  7222 | D:6      | Found a shimmering altar of Xom.
  7222 | D:6      | Found a shimmering altar of Xom.
  7655 | D:6      | Learned a level 2 spell: Ensorcelled Hibernation
  7696 | D:6      | Reached skill level 5 in Fighting
  7714 | D:7      | Got a shimmering falchion
  7723 | D:6      | Identified the +5 falchion of Ash {elec, rPois rC+ Str-2 Int+2} (You found it on level 7 of the Dungeon)
  8102 | D:5      | Found a glowing golden altar of the Shining One.
  8404 | D:7      | Reached skill level 1 in Long Blades
  8662 | D:7      | Noticed Joseph
  8719 | D:7      | Killed Joseph
  9012 | D:7      | Reached skill level 5 in Dodging
  9197 | D:7      | Found an ancient bone altar of Kikubaaqudgha.
  9197 | D:7      | Found a blossoming altar of Fedhas.
  9267 | D:7      | Reached XP level 9. HP: 66/66 MP: 12/16
  9549 | D:8      | Noticed Gastronok
  9552 | D:8      | Reached skill level 6 in Ice Magic
  9824 | D:8      | Reached skill level 5 in Spellcasting
  9830 | D:8      | Found a bloodstained altar of Trog.
 10414 | D:8      | Killed Gastronok
 10414 | D:8      | Reached XP level 10. HP: 71/75 MP: 16/18
 10449 | D:8      | Gained mutation: You expend magic power (3 MP) to strengthen your wands. [potion of mutation]
 10449 | D:8      | Gained mutation: You are very frail (-20% HP). [potion of mutation]
 10512 | D:8      | Reached skill level 7 in Fighting
 10567 | D:8      | Found a shadowy altar of Dithmenos.
 10574 | D:8      | Became a worshipper of Dithmenos the Shadowed
 11015 | D:8      | Learned a level 4 spell: Summon Ice Beast
 11283 | D:9      | Got a brightly glowing amber ring
 11287 | D:9      | Identified the ring "Ocouheim" {+Inv Str-3 Int+3 Slay+3} (You found it on level 9 of the Dungeon)
 11330 | D:8      | Reached skill level 1 in Summonings
 11430 | D:9      | Lost mutation: You are very frail (-20% HP). [potion of cure mutation]
 11430 | D:9      | Lost mutation: You have a pair of horns on your head. [potion of cure mutation]
 11430 | D:9      | Lost mutation: You have a pair of small horns on your head. [potion of cure mutation]
 11430 | D:9      | Lost mutation: You expend magic power (3 MP) to strengthen your wands. [potion of cure mutation]
 11475 | D:9      | Found a sacrificial altar of Ru.
 11553 | D:9      | Reached * piety under Dithmenos
 11742 | D:9      | Reached skill level 5 in Long Blades
 11763 | D:10     | Entered Level 10 of the Dungeon
 11902 | D:10     | Found an iron altar of Okawaru.
 12842 | D:11     | Noticed a hill giant
 12883 | D:10     | Killed a hill giant
 12883 | D:10     | Reached XP level 11. HP: 29/84 MP: 1/20
 13142 | D:11     | Found a staircase to the Orcish Mines.
 13172 | D:11     | Reached skill level 1 in Evocations
 13203 | D:11     | Reached skill level 1 in Invocations
 13225 | D:11     | Reached ** piety under Dithmenos
 13510 | D:11     | Reached skill level 8 in Fighting
 13642 | D:11     | Learned a level 5 spell: Metabolic Englaciation
 13869 | D:11     | Found a staircase to the Lair.
 14247 | Lair:1   | Entered Level 1 of the Lair of Beasts
 14502 | Lair:1   | Noticed Grum
 14543 | Lair:1   | Killed Grum
 14862 | Lair:1   | Reached skill level 1 in Hexes
 15085 | Lair:1   | Gained mutation: You are weak. (Str -2) [mutagenic glow]
 15905 | Lair:1   | Reached *** piety under Dithmenos
 16464 | Lair:1   | Reached XP level 12. HP: 92/92 MP: 15/22
 17181 | Lair:1   | Reached skill level 9 in Fighting
 17431 | Lair:2   | Identified a scroll of acquirement
 17431 | Lair:2   | Got a dazzling cloak
 17478 | Lair:2   | Identified the +2 cloak "Dyimauta" {-Cast rPois rC+ Slay+5} (You acquired it on level 2 of the Lair of Beasts)
 17937 | Lair:2   | Reached **** piety under Dithmenos
 18168 | Lair:2   | Noticed Nergalle
 18220 | Lair:2   | Killed Nergalle
 18866 | Lair:3   | Noticed a catoblepas
 18904 | Lair:3   | Killed a catoblepas
 19135 | Lair:3   | Noticed an eight-headed hydra
 19142 | Lair:3   | Killed an eight-headed hydra
 19264 | Lair:3   | Found a staircase to the Snake Pit.
 19692 | Lair:3   | Found a staircase to the Swamp.
 19988 | Lair:3   | Reached skill level 5 in Invocations
 20254 | Lair:4   | Reached skill level 5 in Summonings
 20307 | Lair:4   | Reached skill level 5 in Evocations
 20307 | Lair:4   | Reached XP level 13. HP: 94/99 MP: 6/24
 20423 | Lair:4   | Reached ***** piety under Dithmenos
 21425 | Lair:5   | Learned a level 5 spell: Shadow Creatures
 23135 | Lair:6   | Noticed Snorg
 23152 | Lair:6   | Killed Snorg
 23756 | Lair:6   | Got a translucent hand axe
 23759 | Lair:6   | Identified the cursed +1 hand axe of Success {chop, rElec} (You found it on level 6 of the Lair of Beasts)
 23940 | Lair:6   | Found a snail-covered altar of Cheibriados.
 24190 | Lair:7   | Found a staircase to the Slime Pits.
 24463 | Lair:7   | Reached ****** piety under Dithmenos
 25109 | Lair:6   | Reached skill level 10 in Fighting
 25117 | Lair:6   | Reached skill level 5 in Hexes
 25337 | Lair:6   | Gained mutation: Your large and strong wings let you fly indefinitely. [Black Draconian growth]
 25337 | Lair:6   | Reached XP level 14. HP: 49/108 MP: 8/26
 26095 | Lair:7   | Reached skill level 10 in Ice Magic
 27106 | Lair:8   | Entered Level 8 of the Lair of Beasts
 27152 | Lair:8   | Learned a level 3 spell: Tukima's Dance
 28513 | Lair:8   | Got a scorched pearl dragon armour
 28523 | Lair:8   | Identified the +11 pearl dragon armour of Liberty {rN+ Str+5} (You found it on level 8 of the Lair of Beasts)
 28525 | Lair:8   | Identified a +3 rod of inaccuracy (11/11) (You found it on level 8 of the Lair of Beasts)
 28685 | Lair:8   | Got a polished shortbow
 28688 | Lair:8   | Identified the +5 shortbow of Chagrin {freeze, rF+ rN+ MR++} (You found it on level 8 of the Lair of Beasts)
 29383 | Orc:1    | Entered Level 1 of the Orcish Mines
 29507 | Orc:1    | Found a dark tunnel.
 29514 | Orc:1    | Reached skill level 10 in Stealth
 29564 | Volcano  | Entered a volcano
 30121 | Volcano  | Found a radiant altar of Vehumet.
 30663 | Orc:2    | Noticed Fannar
 30686 | Orc:2    | Killed Fannar
 30855 | Orc:2    | Found Zatuw's Book Shoppe.
 30863 | Orc:2    | Bought a book of Minor Magic for 320 gold pieces
 31066 | Orc:2    | Found a bloodstained altar of Trog.
 32007 | Orc:4    | Entered Level 4 of the Orcish Mines
 32302 | Orc:4    | Found a staircase to the Elven Halls.
 32621 | Orc:4    | Paralysed by an orc sorcerer for 5 turns
 32624 | Orc:4    | Gained mutation: You are occasionally teleported next to monsters. [a neqoxec]
 32627 | Orc:4    | Slain by a red devil

Action                   |  1- 3 |  4- 6 |  7- 9 | 10-12 | 13-15 || total
-------------------------+-------+-------+-------+-------+-------++-------
Melee: Unarmed           |    47 |       |       |       |       ||    47
       Spear             |    29 |   186 |   237 |       |       ||   452
       Falchion          |       |       |   107 |   835 |  1171 ||  2113
       Dagger            |       |       |       |   109 |    34 ||   143
 Cast: Freeze            |    45 |    41 |    29 |     4 |     2 ||   121
       Ozocubu's Armour  |       |     9 |    22 |    51 |    64 ||   146
       Condensation Shie |       |     2 |     7 |    33 |    58 ||   100
       Ensorcelled Hiber |       |       |       |     6 |     1 ||     7
       Summon Ice Beast  |       |       |       |    24 |    77 ||   101
       Tukima's Dance    |       |       |       |       |     3 ||     3
       Metabolic Englaci |       |       |       |       |     2 ||     2
Invok: Shadow Step       |       |       |       |     2 |       ||     2
 Abil: Breathe Lightning |       |       |     2 |     2 |     8 ||    12
       Evoke Invisibilit |       |       |       |     9 |     6 ||    15
       Fly               |       |       |       |       |     1 ||     1
Evoke: Wand              |       |       |    10 |     2 |     5 ||    17
  Use: Scroll            |     7 |     3 |     4 |    12 |    14 ||    40
       Potion            |     1 |     3 |     8 |    10 |     4 ||    26
 Stab: Sleeping          |       |     7 |    10 |    39 |    42 ||    98
       Distracted        |       |       |     1 |       |    12 ||    13
       Invisible         |       |       |       |     9 |     6 ||    15
  Eat: Chunk             |     5 |    11 |    17 |    36 |    50 ||   119
       Beef jerky        |       |       |     2 |     2 |       ||     4
       Meat ration       |       |       |     1 |     1 |       ||     2
       Fruit             |       |       |       |     4 |     2 ||     6
       Royal jelly       |       |       |       |     2 |     2 ||     4
       Pizza             |       |       |       |       |     2 ||     2
